PBL
MIAMI BEACH MARLINS @ MADISON BREWERS
09/15/2047
 
TOP OF THE 1ST
Miami Beach Marlins batting - Pitching for Madison Brewers : RHP Franklin Arroyo
Pitching: RHP Franklin Arroyo
Batting: RHB Hikaru Nakata 0-0: Ball
1-0: Ball
2-0: Ball
3-0: Called Strike
3-1: Foul Ball, location: 2F
3-2: Strikes out swinging
Batting: RHB Melvin Nava 0-0: Foul Ball, location: 2F
0-1: Foul Ball, location: 2F
0-2: Ball
1-2: Ball
2-2: Fly out, F7 (Flyball, 7D, EV 102.5 MPH)
Batting: RHB Scott Talbot 0-0: Called Strike
0-1: Called Strike
0-2: SINGLE (Flyball, 9LS, EV 98.8 MPH)
Batting: RHB Clark Meagher 0-0: Called Strike
0-1: Called Strike
0-2: Ball
1-2: Ball
2-2: Ball
3-2: Fly out, F7 (Flyball, 78M, EV 77.5 MPH)
Top of the 1st over - 0 runs, 1 hit, 0 errors, 1 left on base; Miami Beach 0 - Madison 0
BOTTOM OF THE 1ST
Madison Brewers batting - Pitching for Miami Beach Marlins : RHP Josue Rubio
Pitching: RHP Josue Rubio
Batting: LHB Andy Buschlen 0-0: Swinging Strike
0-1: Ball
1-1: Ball
2-1: Ball
3-1: Base on Balls
Batting: LHB Jesus Huante 0-0: Called Strike
0-1: Ball
1-1: Ball
2-1: Foul Ball, location: 2F
2-2: Strikes out swinging
Batting: LHB Bill Kovac 0-0: Foul Ball, location: 2F
0-1: Ball
1-1: SINGLE (Flyball, 5D, EV 91.2 MPH)
Andy Buschlen to second
Batting: LHB Fumito Sakurai 0-0: Ball
1-0: Ball
2-0: Ball
3-0: Base on Balls
Andy Buschlen to third
Bill Kovac to second
Batting: LHB Tony Hasbun 0-0: Called Strike
0-1: Foul Ball, location: 2F
0-2: Strikes out swinging
Batting: RHB Tristan Smeets 0-0: Foul Ball, location: 2F
0-1: Called Strike
0-2: Fly out, F5 (Line Drive, 56, EV 76.2 MPH)
Bottom of the 1st over - 0 runs, 1 hit, 0 errors, 3 left on base; Miami Beach 0 - Madison 0
TOP OF THE 2ND
Miami Beach Marlins batting - Pitching for Madison Brewers : RHP Franklin Arroyo
Batting: RHB Mario Cota 0-0: Called Strike
0-1: Ball
1-1: Ball
2-1: Foul Ball, location: 2F
2-2: Ground out 4-3 (Groundball, 4, EV 90.6 MPH)
Batting: SHB Emmet Brickowski 0-0: Ground out 4-3 (Groundball, 4, EV 86.2 MPH)
Batting: RHB Kazumi Inouye 0-0: Called Strike
0-1: Ball
1-1: Ball
2-1: Ball
3-1: Called Strike
3-2: Strikes out swinging
Top of the 2nd over - 0 runs, 0 hits, 0 errors, 0 left on base; Miami Beach 0 - Madison 0
BOTTOM OF THE 2ND
Madison Brewers batting - Pitching for Miami Beach Marlins : RHP Josue Rubio
Batting: RHB Curtis Montgomery 0-0: Swinging Strike
0-1: Swinging Strike
0-2: Foul Ball, location: 2F
0-2: Strikes out swinging
Batting: RHB Fernando Mejia 0-0: Ball
1-0: Swinging Strike
1-1: Ball
2-1: Called Strike
2-2: Strikes out swinging
Batting: RHB Dave Guevara 0-0: Called Strike
0-1: Ball
1-1: Ground out 4-3 (Groundball, 4D, EV 101.2 MPH)
Bottom of the 2nd over - 0 runs, 0 hits, 0 errors, 0 left on base; Miami Beach 0 - Madison 0
TOP OF THE 3RD
Miami Beach Marlins batting - Pitching for Madison Brewers : RHP Franklin Arroyo
Batting: RHB Jim Smallwood 0-0: Called Strike
0-1: Ball
1-1: Called Strike
1-2: SINGLE (Line Drive, 56, EV 101.9 MPH)
Batting: LHB Henry Huezo 0-0: Ball
1-0: Ball
Jim Smallwood steals 2nd base
2-0: Swinging Strike
2-1: Ball
3-1: Base on Balls
Batting: RHB Hikaru Nakata 0-0: Ball
1-0: Swinging Strike
1-1: Ball
2-1: Foul Ball, location: 2F
2-2: Foul Ball, location: 2F
2-2: Strikes out swinging
Batting: RHB Melvin Nava 0-0: Ball
1-0: Called Strike
1-1: Ball
2-1: Swinging Strike
2-2: Ball
3-2: Fly out, F7 (Flyball, 78D, EV 100.0 MPH)
Batting: RHB Scott Talbot 0-0: Called Strike
0-1: Fly out, F8 (Flyball, 8RD, EV 94.4 MPH)
Top of the 3rd over - 0 runs, 1 hit, 0 errors, 2 left on base; Miami Beach 0 - Madison 0
BOTTOM OF THE 3RD
Madison Brewers batting - Pitching for Miami Beach Marlins : RHP Josue Rubio
Batting: LHB Andy Buschlen 0-0: Ball
1-0: Ball
2-0: Called Strike
2-1: Foul Ball, location: 2F
2-2: Foul Ball, location: 2F
2-2: Ball
3-2: DOUBLE (Flyball, 8RXD, EV 113.1 MPH)
Batting: LHB Jesus Huante 0-0: Called Strike
0-1: Ball
1-1: Ball
2-1: Ball
3-1: Base on Balls
Batting: LHB Bill Kovac 0-0: Ball
1-0: Ball
2-0: Called Strike
2-1: Fly out, F6 (Popup, 56, EV 53.1 MPH)
Batting: LHB Fumito Sakurai 0-0: Called Strike
0-1: Ball
1-1: Ball
2-1: Called Strike
2-2: Strikes out swinging
Batting: LHB Tony Hasbun 0-0: SINGLE (Line Drive, 7S, EV 105.0 MPH)
Andy Buschlen to third
Jesus Huante to second
Runner from 3rd tries for Home, SAFE, throw by LF to home
Batting: RHB Tristan Smeets 0-0: DOUBLE (Line Drive, 78D, EV 111.9 MPH)
Jesus Huante scores
Tony Hasbun to third
Runner from 3rd tries for Home, SAFE, throw by CF to home
Batting: RHB Curtis Montgomery 0-0: Called Strike
0-1: Swinging Strike
0-2: Strikes out swinging
Bottom of the 3rd over - 3 runs, 3 hits, 0 errors, 1 left on base; Miami Beach 0 - Madison 3
TOP OF THE 4TH
Miami Beach Marlins batting - Pitching for Madison Brewers : RHP Franklin Arroyo
Batting: RHB Clark Meagher 0-0: Ball
1-0: Ball
2-0: Ball
3-0: Base on Balls
Batting: RHB Mario Cota 0-0: Called Strike
0-1: Ball
1-1: Ball
Clark Meagher steals 2nd, throwing error, E2
Clark Meagher to third
2-1: Foul Ball, location: 2F
2-2: Foul Ball, location: 2F
2-2: Foul Ball, location: 2F
2-2: Foul Ball, location: 2F
2-2: Hit by Pitch
Batting: SHB Emmet Brickowski 0-0: Ball
1-0: Ball
2-0: Foul Ball, location: 2F
2-1: Called Strike
2-2: Foul Ball, location: 2F
2-2: Ball
3-2: Base on Balls
Mario Cota to second
Batting: RHB Kazumi Inouye 0-0: Ball
1-0: Ball
2-0: Called Strike
2-1: Ball
3-1: Base on Balls
Clark Meagher scores
Mario Cota to third
Emmet Brickowski to second
Batting: RHB Jim Smallwood 0-0: Ball
1-0: Fly out, F9 (Flyball, 9, EV 91.2 MPH)
Pitching: LHP Juan Gonzalez
Pinch Hitting: LHB Freddy Monge 0-0: Called Strike
0-1: Foul Ball, location: 2F
0-2: Ball
1-2: Strikes out looking
Batting: RHB Hikaru Nakata 0-0: Swinging Strike
0-1: Ball
1-1: Foul Ball, location: 2F
1-2: SINGLE (Groundball, 4S, EV 73.1 MPH) (infield hit)
Mario Cota scores
Emmet Brickowski to third
Kazumi Inouye to second
Batting: RHB Melvin Nava 0-0: Foul Ball, location: 2F
0-1: SINGLE (Groundball, 6D, EV 98.1 MPH)
Emmet Brickowski scores
Kazumi Inouye to third
Hikaru Nakata to second
Runner from 3rd tries for Home, SAFE, throw by CF to home
Batting: RHB Scott Talbot 0-0: Ball
Balk!
Hikaru Nakata to third
Melvin Nava to second
1-0: Fly out, F8 (Flyball, 8LD, EV 89.4 MPH)
Top of the 4th over - 4 runs, 2 hits, 1 error, 2 left on base; Miami Beach 4 - Madison 3
BOTTOM OF THE 4TH
Madison Brewers batting - Pitching for Miami Beach Marlins : RHP Josue Rubio
Now in LF: Cody Leonard
Batting: RHB Fernando Mejia 0-0: Ball
1-0: Fly out, F7 (Line Drive, 7S, EV 88.8 MPH)
Batting: RHB Dave Guevara 0-0: Ball
1-0: Fly out, F6 (Line Drive, 6, EV 73.8 MPH)
Batting: LHB Andy Buschlen 0-0: Ball
1-0: Ball
2-0: Called Strike
2-1: Foul Ball, location: 2F
2-2: Strikes out swinging
Bottom of the 4th over - 0 runs, 0 hits, 0 errors, 0 left on base; Miami Beach 4 - Madison 3
TOP OF THE 5TH
Miami Beach Marlins batting - Pitching for Madison Brewers : LHP Juan Gonzalez
Batting: RHB Clark Meagher 0-0: Called Strike
0-1: Swinging Strike
0-2: Ball
1-2: Strikes out swinging, 2-3 out at first.
Batting: RHB Mario Cota 0-0: Called Strike
0-1: Foul Ball, location: 2F
0-2: Ball
1-2: Ball
2-2: Ground out 5-3 (Groundball, 56, EV 111.2 MPH)
Batting: SHB Emmet Brickowski 0-0: Called Strike
0-1: DOUBLE (Line Drive, 78M, EV 105.6 MPH)
Batting: RHB Kazumi Inouye 0-0: Intentional Walk
Batting: RHB Jim Smallwood 0-0: Swinging Strike
0-1: Ball
Emmet Brickowski is caught stealing 3rd base 2-5
Top of the 5th over - 0 runs, 1 hit, 0 errors, 1 left on base; Miami Beach 4 - Madison 3
BOTTOM OF THE 5TH
Madison Brewers batting - Pitching for Miami Beach Marlins : RHP Josue Rubio
Batting: LHB Jesus Huante 0-0: Ball
1-0: Called Strike
1-1: Called Strike
1-2: Foul Ball, location: 2F
1-2: Strikes out looking
Batting: LHB Bill Kovac 0-0: Ball
1-0: Foul Ball, location: 2F
1-1: Foul Ball, location: 2F
1-2: SINGLE (Groundball, 4MD, EV 96.2 MPH)
Batting: LHB Fumito Sakurai 0-0: Ball
1-0: Swinging Strike
1-1: Ball
2-1: Ball
3-1: Foul Ball, location: 2F
3-2: Foul Ball, location: 2F
3-2: Strikes out swinging
Batting: LHB Tony Hasbun 0-0: Ball
1-0: Fly out, F7 (Flyball, 7D, EV 83.1 MPH)
Bottom of the 5th over - 0 runs, 1 hit, 0 errors, 1 left on base; Miami Beach 4 - Madison 3
TOP OF THE 6TH
Miami Beach Marlins batting - Pitching for Madison Brewers : LHP Juan Gonzalez
Batting: RHB Jim Smallwood 0-0: Called Strike
0-1: Ground out 5-3 (Groundball, 56, EV 103.1 MPH)
Batting: RHB Cody Leonard 0-0: Ball
1-0: SINGLE (Line Drive, 4D, EV 103.1 MPH)
Batting: RHB Hikaru Nakata 0-0: Foul Ball, location: 2F
0-1: Foul Ball, location: 2F
0-2: Ball
1-2: Ball
2-2: Fielders Choice at 2nd, 6-4 (Groundball, 6, EV 80.6 MPH)
Batting: RHB Melvin Nava 0-0: Ball
Hikaru Nakata steals 2nd base
1-0: Called Strike
1-1: Ball
2-1: Called Strike
2-2: Ball
3-2: Strikes out looking
Top of the 6th over - 0 runs, 1 hit, 0 errors, 1 left on base; Miami Beach 4 - Madison 3
BOTTOM OF THE 6TH
Madison Brewers batting - Pitching for Miami Beach Marlins : RHP Josue Rubio
Batting: RHB Tristan Smeets 0-0: Called Strike
0-1: Ball
1-1: Ball
2-1: Foul Ball, location: 2F
2-2: Ball
3-2: Base on Balls
Batting: RHB Curtis Montgomery 0-0: Ball
1-0: Ball
2-0: Ball
3-0: Base on Balls
Tristan Smeets to second
Pinch Hitting: LHB Alex Chairez 0-0: Called Strike
0-1: Ball
1-1: Foul Ball, location: 2F
1-2: Fly out, F5 (Popup, 56S, EV 66.9 MPH)
Pinch Hitting: RHB Daniel Pena 0-0: Ball
Tristan Smeets is caught stealing 3rd base 2-5
1-0: Ball
2-0: Called Strike
2-1: Ball
3-1: Base on Balls
Curtis Montgomery to second
Pitching: RHP Carlos Segura
Batting: LHB Andy Buschlen 0-0: Ball
1-0: Ball
2-0: Ball
3-0: Base on Balls
Curtis Montgomery to third
Daniel Pena to second
Batting: LHB Jesus Huante 0-0: Foul Ball, location: 2F
0-1: Called Strike
0-2: Ball
1-2: Ground out 4-3 (Groundball, 4, EV 99.4 MPH)
Bottom of the 6th over - 0 runs, 0 hits, 0 errors, 3 left on base; Miami Beach 4 - Madison 3
TOP OF THE 7TH
Miami Beach Marlins batting - Pitching for Madison Brewers : LHP Juan Gonzalez
Now at 3B: Jackson Wither
Now at SS: Alex Chairez
Batting: RHB Scott Talbot 0-0: Ball
1-0: Ball
2-0: Called Strike
2-1: Swinging Strike
2-2: Ball
3-2: Foul Ball, location: 2F
3-2: Strikes out swinging
Batting: RHB Clark Meagher 0-0: Ball
1-0: Ball
2-0: Foul Ball, location: 2F
2-1: Ball
3-1: SOLO HOME RUN (Flyball, 9D, EV 98.8 MPH), Distance : 388 ft
Batting: RHB Mario Cota 0-0: Ball
1-0: Ball
2-0: Foul Ball, location: 2F
2-1: Ground out 2-3 (Groundball, 15S, EV 69.4 MPH)
Batting: SHB Emmet Brickowski 0-0: Called Strike
0-1: Called Strike
0-2: Ball
1-2: Strikes out looking
Top of the 7th over - 1 run, 1 hit, 0 errors, 0 left on base; Miami Beach 5 - Madison 3
BOTTOM OF THE 7TH
Madison Brewers batting - Pitching for Miami Beach Marlins : RHP Carlos Segura
Batting: LHB Bill Kovac 0-0: Ball
1-0: Swinging Strike
1-1: Foul Ball, location: 2F
1-2: Strikes out swinging
Batting: LHB Fumito Sakurai 0-0: Called Strike
0-1: Ground out U3 (Groundball, 3, EV 87.5 MPH)
Batting: LHB Tony Hasbun 0-0: Ball
1-0: Fly out, F6 (Popup, 6D, EV 56.2 MPH)
Bottom of the 7th over - 0 runs, 0 hits, 0 errors, 0 left on base; Miami Beach 5 - Madison 3
TOP OF THE 8TH
Miami Beach Marlins batting - Pitching for Madison Brewers : LHP Juan Gonzalez
Batting: RHB Kazumi Inouye 0-0: Ball
1-0: Called Strike
1-1: Ball
2-1: Foul Ball, location: 2F
2-2: Strikes out swinging
Batting: RHB Jim Smallwood 0-0: Ball
1-0: Foul Ball, location: 2F
1-1: Ball
2-1: Foul Ball, location: 2F
2-2: Ball
3-2: Strikes out swinging
Batting: RHB Cody Leonard 0-0: Ball
1-0: Ground out 4-3 (Groundball, 4, EV 77.5 MPH)
Top of the 8th over - 0 runs, 0 hits, 0 errors, 0 left on base; Miami Beach 5 - Madison 3
BOTTOM OF THE 8TH
Madison Brewers batting - Pitching for Miami Beach Marlins : RHP Carlos Segura
Batting: RHB Tristan Smeets 0-0: Ball
1-0: Ball
2-0: Ball
3-0: Called Strike
3-1: Called Strike
3-2: Fly out, F7 (Flyball, 7S, EV 78.8 MPH)
Batting: RHB Curtis Montgomery 0-0: Ball
1-0: Ball
2-0: Ball
3-0: Called Strike
3-1: Foul Ball, location: 2F
3-2: Ground out 5-3 (Groundball, 56S, EV 83.1 MPH)
Batting: LHB Alex Chairez 0-0: Ball
1-0: Called Strike
1-1: Fly out, F8 (Flyball, 8LXD, EV 84.4 MPH)
Bottom of the 8th over - 0 runs, 0 hits, 0 errors, 0 left on base; Miami Beach 5 - Madison 3
TOP OF THE 9TH
Miami Beach Marlins batting - Pitching for Madison Brewers : LHP Juan Gonzalez
Pitching: RHP Antonio Ballesteros
Batting: RHB Hikaru Nakata 0-0: Called Strike
0-1: Ball
1-1: Ball
2-1: Foul Ball, location: 2F
2-2: Ball
3-2: Foul Ball, location: 2F
3-2: Foul Ball, location: 2F
3-2: Strikes out looking
Batting: RHB Melvin Nava 0-0: SINGLE (Flyball, 9S, EV 88.8 MPH)
Batting: RHB Scott Talbot 0-0: Swinging Strike
0-1: Ball
Wild Pitch!
Melvin Nava to second
1-1: Called Strike
1-2: Strikes out swinging
Batting: RHB Clark Meagher 0-0: Intentional Walk
Batting: RHB Mario Cota 0-0: Called Strike
0-1: Foul Ball, location: 2F
0-2: Foul Ball, location: 2F
0-2: Strikes out looking
Top of the 9th over - 0 runs, 1 hit, 0 errors, 2 left on base; Miami Beach 5 - Madison 3
BOTTOM OF THE 9TH
Madison Brewers batting - Pitching for Miami Beach Marlins : RHP Carlos Segura
Pitching: RHP Eric Simons
Pinch Hitting: RHB Mario Lopez 0-0: Ball
1-0: Called Strike
1-1: Ball
2-1: Ground out 4-3 (Groundball, 4, EV 89.4 MPH)
Batting: LHB Andy Buschlen 0-0: Called Strike
0-1: Foul Ball, location: 2F
0-2: Ball
1-2: Strikes out swinging
Batting: LHB Jesus Huante 0-0: Ball
1-0: Swinging Strike
1-1: Ball
2-1: Ball
3-1: Base on Balls
Batting: LHB Bill Kovac 0-0: Swinging Strike
0-1: Ball
1-1: Swinging Strike
1-2: Strikes out swinging
Bottom of the 9th over - 0 runs, 0 hits, 0 errors, 1 left on base; Miami Beach 5 - Madison 3
Thursday, December 15th , 2022 - OOTP Baseball 23.9 Build 102